 Dungeon Crawl Stone Soup version 0.16.1-4-g8e1b745 (webtiles) character file.

147 inmateoo the Charmwright (level 5, 0/35 HPs)
             Began as a High Elf Skald on Mar 26, 2015.
             Killed by divine providence
             ... invoked by an orc priest
              (16 damage)
             ... on level 3 of the Dungeon.
             The game lasted 00:06:10 (2359 turns).

inmateoo the Charmwright (High Elf Skald)           Turns: 2359, Time: 00:06:11

Health: 0/35       AC:  7    Str: 11    XL:     5   Next: 8%
Magic:  23/23      EV: 12    Int: 16    God:
Gold:   107        SH:  0    Dex: 15    Spells: 3 memorised, 6 levels left

rFire  + . .     SeeInvis .     v - +2 war axe (chop)
rCold  . . .     Clarity  .     b - +1 leather armour
rNeg   . . .     SustAb   .     (no shield)
rPois  .         Gourm    .     (no helmet)
rElec  .         Spirit   .     (no cloak)
rCorr  .         Warding  .     s - +2 pair of gloves
rMut   .         Stasis   .     (no boots)
MR     .....                    (no amulet)
Stlth  +.........               o - ring of protection from fire
                                p - ring of magical power

@: not resistant to hostile enchantments, very unstealthy
A: no striking features
a: no special abilities


You were on level 3 of the Dungeon.
You were hungry.

You visited 1 branch of the dungeon, and saw 3 of its levels.

You collected 107 gold pieces.

Inventory:

Hand weapons
 a - a +0 falchion
 t - a +0 hunting sling
 v - a +2 war axe of chopping (weapon)
Missiles
 f - 16 stones
 g - a javelin (quivered)
Armour
 b - a +1 leather armour (worn)
 s - a +2 pair of gloves (worn)
Jewellery
 j - an uncursed ring of sustain abilities
 n - an uncursed ring of stealth
 o - a ring of protection from fire (right hand)
 p - a ring of magical power (left hand)
Scrolls
 k - 2 scrolls of teleportation
 m - a scroll of remove curse {unknown}
 u - a scroll of noise {unknown}
Potions
 e - a potion of heal wounds
 h - a potion of haste
 q - a potion of beneficial mutation {unknown}
 r - a potion of ambrosia {unknown}
Books
 c - a book of Battle

   Spells                             Type                      Level
   a - Infusion                       Charms                       1
   b - Shroud of Golubria             Charms/Translocation         2
   c - Song of Slaying                Charms                       2
   d - Spectral Weapon                Hexes/Charms                 3
   e - Regeneration                   Charms/Necromancy            3
Comestibles
 d - 2 bread rations
 i - 3 fruits
 l - a slice of pizza


   Skills:
 + Level 2.4 Fighting
 * Level 3.8 Long Blades
 + Level 1.6 Armour
 + Level 1.8 Dodging
 + Level 3.6 Spellcasting
 + Level 4.4 Charms


You had 6 spell levels left.
You knew the following spells:

 Your Spells              Type           Power        Failure   Level  Hunger
a - Infusion              Chrm           ###...       4%          1    None
b - Song of Slaying       Chrm           ###.....     8%          2    ##.....
c - Shroud of Golubria    Chrm/Tloc      ##........   14%         2    ##.....


Dungeon Overview and Level Annotations

Branches:
Dungeon (3/15)

Altars:
Dithmenos

Annotations:
D:3 Fanu's ghost, weakling SpEn


Message History

The orc closely misses you. The orc barely misses you.
You hit the orc!
You kill the orc!
The orc priest calls down the wrath of Beogh upon you.
Something smites you!
Things that are here:
a mace; an orc corpse The orc priest prays to Beogh.
You feel troubled.
Fanu's ghost (weakling Spriggan Enchanter) comes into view.
Fanu's ghost turns its malevolent gaze towards you.
Fanu's ghost casts a spell at you. You resist with some effort.
Fanu's ghost closely misses you.
Fanu's ghost gestures at you while chanting.
You resist with some effort.
Fanu's ghost wails, "You must not succeed where I failed!"
The orc priest calls down the wrath of Beogh upon you.
Something smites you!
You die...

#..#..(......###
#.##..#...##....
#.##...(..#......
#....###....##
#..###.......##.#
##..# #.##.......#
####
#..####.##<#.##..#
...
#...............#
#.##...)....[@#.##.#
#............o#... #
##............# #...
#..#..##.####W# ###.
#.##..##.o###o#
#.##..###..##.#
##.(.(.......#o#
##....#####.....#
##)o...# ##....#


You could see an orc priest, Fanu's ghost and 2 orcs.

Vanquished Creatures
  5 gnolls
  3 adders (D:2)
  2 giant mites (D:2)
  3 worms (D:2)
  A giant gecko (D:2)
  2 orcs (D:3)
  8 bats
  2 giant cockroaches
  3 goblins (D:2)
  3 hobgoblins (D:2)
  2 quokkas (D:2)
  A ball python (D:2)
  3 giant newts (D:1)
  8 kobolds
  4 rats
50 creatures vanquished.

Notes
Turn   | Place    | Note
--------------------------------------------------------------
     0 | D:1      | inmateoo, the High Elf Skald, began the quest for the Orb.
     0 | D:1      | Reached XP level 1. HP: 14/14 MP: 4/4
   190 | D:1      | You fall through a shaft!
   264 | D:2      | Reached XP level 2. HP: 10/19 MP: 6/6
   440 | D:1      | Reached skill level 1 in Armour
   610 | D:1      | Learned a level 2 spell: Song of Slaying
   613 | D:1      | Learned a level 2 spell: Shroud of Golubria
   702 | D:1      | Reached XP level 3. HP: 18/24 MP: 8/8
   913 | D:1      | Reached skill level 4 in Charms
  1472 | D:2      | Reached XP level 4. HP: 29/29 MP: 11/11
  2157 | D:2      | Found a shadowy altar of Dithmenos.
  2206 | D:2      | Reached XP level 5. HP: 33/35 MP: 14/14
  2346 | D:3      | Noticed Fanu's ghost (weakling SpEn)
  2359 | D:3      | Killed from afar by an orc priest

Action                   |  1- 3 |  4- 6 || total
-------------------------+-------+-------++-------
Melee: Falchion          |   113 |    53 ||   166
       War axe           |       |     5 ||     5
 Fire: Hunting sling     |       |     8 ||     8
Throw: Javelin           |    20 |     2 ||    22
       Stone             |     7 |     2 ||     9
  Use: Scroll            |     6 |       ||     6
 Stab: Sleeping          |     1 |       ||     1
  Eat: Chunk             |     2 |     2 ||     4
